[Event "FRA-ch Teams Top 16-B 2022"]
[Site "Chartres"]
[Date "2022.06.09"]
[Round "1.21"]
[White "Domenech, Vianney"]
[Black "Libiszewski, Fabien"]
[Result "0-1"]
[ECO "A41"]
[WhiteElo "2266"]
[BlackElo "2514"]
[Annotator "TA"]
[PlyCount "100"]
[EventDate "2022.06.09"]
[EventType "team-tourn"]
[EventCountry "FRA"]
[SourceTitle "playchess.com"]
[Source "ChessBase"]
[SourceQuality "1"]
[TimeControl "40/5400+30:1800+30"]

1. d4 g6 2. Nc3 d6 3. Bf4 Bg7 4. Nf3 Nd7 5. e4 a6 6. Bc4 {[%emt 0:09:00] A41: 1 d4 d6: Tartakower System and Modern Defence.} e6 7. Qd2 (7. a4 $14) 7... b5 $11 8. Bd3 {[%emt 0:04:15] The position is equal.} Bb7 {[%emt 0:03:51] [#]} 9. Bg5 $146 ({Predecessor:} 9. Ne2 Ne7 10. Bh6 O-O 11. Bxg7 Kxg7 12. h4 h5 13. Ng5 c5 14. Nf4 Qe8 15. Ngxe6+ fxe6 16. Nxe6+ {½-½ (65) Mergen,B (1752)-Djidjeli,S (2065) Avoine 2017}) 9... Qb8 10. Ne2 h6 11. Be3 Ngf6 12. Ng3 c5 13. c3 $1 Ng4 14. h4 Nxe3 15. fxe3 (15. Qxe3 $15 {should be considered.} O-O 16. O-O) 15... h5 16. O-O Bh6 17. Qf2 {[%emt 0:01:32] Strongly threatening Ng5.} O-O 18. Ng5 Bxg5 (18... Qe8 $17) 19. hxg5 Qd8 20. Qf4 e5 21. Qh4 {[%emt 0:00:36][%cal Og3h5] Nxh5! is the strong threat.} f6 $1 22. Rf5 Rf7 (22... gxf5 23. g6 Re8 24. Qxh5 $18) 23. Raf1 gxf5 (23... Rh7 $11 {keeps the balance.} 24. Rxf6 Nxf6 25. gxf6 Qe8) 24. g6 $2 ({Only move:} 24. Nxf5 $16 Rh7 25. g6) 24... Rg7 $1 $15 25. exf5 exd4 {[%emt 0:03:45] aiming for ...Qe7.} 26. Nxh5 Qe7 27. e4 ({Better is} 27. Nxg7 $15 Qxg7 28. exd4) 27... c4 $19 28. Rf3 (28. e5 {was the only chance.} cxd3 29. e6) 28... cxd3 29. Rh3 {[%emt 0:00:10][%cal Oh5f6] [#] White threatens Nxf6+! and mate.} Rxg6 30. fxg6 {[%emt 0:01:00] Ng3 would kill now.} (30. Nf4 Qg7) 30... d2 31. Ng3 d1=Q+ 32. Kh2 Qg7 {[%emt 0:01:54] Threatens to win with ...Ne5.} 33. Nf5 {[%emt 0:00:06] [#]} Bxe4 $4 34. Nxg7 $4 (34. Qxe4 {mates} Qe1 35. Qxe1 Ne5 36. Nxg7 Ra7 37. Nf5 Ng4+ 38. Kg1 Ne5 39. Qh4) 34... Bxg6 35. Qh8+ Kf7 36. Qxa8 Kxg7 {[%emt 0:00:46] Dancing on a razor blade.} 37. Qb7 (37. Qa7 $142 Bf5 38. Rf3) 37... Bf5 38. Rg3+ {[%emt 0:00:12] [#]} Kf7 $1 39. Qd5+ Be6 40. Qxd6 (40. Qxd4 {was worth a try.} Qh5+ 41. Kg1) 40... Qh5+ $2 (40... Ne5 {Hoping for ...d3.} 41. Qxd4 (41. cxd4 $2 Ng4+ 42. Rxg4 Qxg4 $19) 41... Ng4+ 42. Rxg4 Qxg4 43. Qxg4 Bxg4) 41. Kg1 {[%emt 0:30:09] [#]} Qd1+ (41... d3 $1 {White must now prevent ...Qd1+.} 42. Rxd3 Ne5) 42. Kh2 Ne5 43. Qc7+ Bd7 {[%emt 0:00:00] And now ...d3 would win.} 44. Rh3 Ng4+ 45. Kg3 Qe1+ 46. Kf4 Qd2+ 47. Ke4 f5+ {[%emt 0:00:00] Black is clearly winning.} 48. Kd5 dxc3+ 49. Kc5 c2 50. Rh7+ Kg6 {[%emt 0:00:00] Black used his chance.  Weighted Error Value: White=0.94/Black=0.46} 0-1

[Event "FRA-ch Teams Top 16-B 2022"]
[Site "Chartres"]
[Date "2022.06.09"]
[Round "1.22"]
[White "Tregubov, Pavel V."]
[Black "Louis, Thibault"]
[Result "1-0"]
[ECO "C02"]
[WhiteElo "2541"]
[BlackElo "2154"]
[Annotator "TA"]
[PlyCount "83"]
[EventDate "2022.06.09"]
[EventType "team-tourn"]
[EventCountry "FRA"]
[SourceTitle "playchess.com"]
[Source "ChessBase"]
[SourceQuality "1"]
[TimeControl "40/5400+30:1800+30"]

1. e4 e6 2. d4 d5 3. e5 c5 4. c3 Nc6 5. Nf3 Bd7 6. Be2 Nge7 7. O-O Ng6 {[%emt 0:00:50] The main line 7...Ng6 scores better than 7...Nf5.} 8. Re1 Be7 {[%emt 0:00:32] C02: French: Advance Variation.} 9. Bd3 O-O 10. dxc5 Bxc5 {[%emt 0:02:08] The position is equal.} 11. b4 Bb6 12. b5 Nce7 13. a4 {[%emt 0:09:29] [#]} f6 $146 ({Predecessor:} 13... h6 14. Ba3 Re8 15. Nd4 Rc8 16. Qg4 Bc5 17. Bc1 Qc7 18. Nf3 Rcd8 19. h4 Kh8 20. h5 Nf8 {1-0 (36) Bayford,J-Bridger,M London 2000}) 14. exf6 gxf6 15. c4 d4 (15... Rc8 $14) 16. Nbd2 {[%emt 0:05:43] White is more active.} (16. h4 $16) 16... e5 {[%emt 0:01:40] [#]} 17. Ba3 (17. Nb3 $1 $16) 17... Be6 {[%emt 0:19:08] [#]} (17... Ba5 $11) 18. g3 (18. Nb3 $1 $16) 18... Qd7 (18... Ba5 $11 {keeps the balance.}) 19. Nb3 $16 {[%emt 0:02:44] Hoping for a5.} Bg4 20. Be2 h5 21. a5 Bd8 22. Nfd2 Rf7 23. Ne4 b6 $2 (23... Bxe2 {might work better.} 24. Qxe2 Qh3) 24. Bxg4 (24. Bxe7 $142 Qxe7 25. Bxg4 hxg4 26. axb6) 24... hxg4 (24... Qxg4 $142 25. Bxe7 Qxd1 26. Rexd1 Nxe7 27. axb6 Bxb6) 25. Bxe7 $18 Qxe7 26. axb6 f5 27. Rxa7 Rxa7 28. bxa7 Qxa7 29. Nd6 Rf6 30. c5 {[%emt 0:00:10] White is clearly winning.} Qd7 31. Nd2 Ba5 {[%emt 0:03:30] [#]} 32. Qa4 $1 Bc3 (32... Bxd2 33. Qa2+) 33. Rd1 e4 34. N2c4 {[%emt 0:00:09] c6 is the strong threat. Pair of Knights!} Kh7 35. Qc2 {[%emt 0:07:31] Black must now prevent c6.} Rxd6 36. Nxd6 Ne5 37. Qb3 e3 38. fxe3 Nf3+ 39. Kg2 dxe3 40. Qxc3 e2 41. Ra1 Qe7 42. Kf2 {[%emt 0:00:00] Weighted Error Value: White=0.32/Black=0.58} 1-0

[Event "FRA-ch Teams Top 16-B 2022"]
[Site "Chartres"]
[Date "2022.06.09"]
[Round "1.23"]
[White "Roubert, Emile"]
[Black "Harutyunyan, Ruben"]
[Result "0-1"]
[ECO "B67"]
[WhiteElo "2027"]
[BlackElo "2381"]
[Annotator "TA"]
[PlyCount "64"]
[EventDate "2022.06.09"]
[EventType "team-tourn"]
[EventCountry "FRA"]
[SourceTitle "playchess.com"]
[Source "ChessBase"]
[SourceQuality "1"]
[TimeControl "40/5400+30:1800+30"]

1. e4 c5 2. Nf3 d6 3. d4 cxd4 4. Nxd4 Nf6 5. Nc3 Nc6 6. Bg5 e6 7. Qd2 a6 8. O-O-O Bd7 9. f4 b5 10. Bxf6 gxf6 11. Kb1 Qb6 12. Nxc6 Bxc6 13. Qe1 Ra7 {[%emt 0:00:02] was the old line (13...Be7).} ({Black should play} 13... O-O-O $11) 14. f5 $14 {[%emt 1:11:32] B67: Sicilian: Richter-Rauzer: 7...a6 8 0-0-0 Bd7, lines without 9 f4 Be7.} b4 15. Ne2 e5 16. Ng3 {[%emt 0:00:00] White is better.} Qc5 {[%emt 0:00:30] [#] Prevents Bc4.} 17. Nh5 $1 Be7 {[%emt 0:00:30] [#]} 18. Bd3 $146 ({Predecessor:} 18. Qg3 Bxe4 19. Bd3 Bxd3 20. cxd3 Qd5 21. d4 e4 22. Rhe1 Kd7 23. Qg4 b3 24. axb3 {1-0 (33) Wosch,A (2396)-Koch,H (2363) ICCF email 2007}) 18... a5 19. Qg3 a4 20. Qg7 Rf8 21. Nxf6+ Bxf6 22. Qxf6 {[%emt 0:00:00][%cal Od3b5] Hoping for Bb5!} Rd7 23. Rhe1 a3 $1 24. Qg5 (24. Re2 $14) 24... f6 $11 25. Qc1 axb2 26. Qxb2 Ke7 {[%emt 0:00:00] [#] And now ...Ra8 would win.} 27. Qb3 d5 {[%emt 0:00:00][%cal Bd6d5,Bd5e4][%mdl 32] Prevents Bc4. Threatens to win with ...Ra8. Active counter play!} 28. Rc1 $2 {[%emt 0:00:00][%mdl 8192] Now White is beyond hope.} (28. Ba6 $11) 28... Ra8 $19 {[%emt 0:00:00] Black is clearly winning.} 29. Qb2 Rda7 30. Re2 Rxa2 31. Qxa2 Rxa2 32. Kxa2 dxe4 {[%emt 0:00:04] Weighted Error Value: White=0.81/Black=0.06 (flawless)} 0-1

[Event "FRA-ch Teams Top 16-B 2022"]
[Site "Chartres"]
[Date "2022.06.09"]
[Round "1.24"]
[White "Afraoui, Anaelle"]
[Black "Bourgoin, Cecile"]
[Result "1-0"]
[ECO "C12"]
[WhiteElo "2115"]
[BlackElo "1682"]
[Annotator "TA"]
[PlyCount "69"]
[EventDate "2022.06.09"]
[EventType "team-tourn"]
[EventCountry "FRA"]
[SourceTitle "playchess.com"]
[Source "ChessBase"]
[SourceQuality "1"]
[TimeControl "40/5400+30:1800+30"]

1. e4 e6 2. d4 d5 3. Nc3 Nf6 4. Bg5 Bb4 5. e5 h6 6. Bd2 Bxc3 7. bxc3 Ne4 8. Qg4 Kf8 9. Bd3 Nxd2 10. Kxd2 c5 11. h4 c4 12. Be2 {[%emt 0:00:52] C12: French: Classical System: McCutcheon Variation.} b5 {[%emt 0:01:27] was the old line (12...Nc6).} 13. Nh3 Nc6 14. a4 {[%emt 0:07:44] [#] Black has an edge.} b4 $146 (14... bxa4 $15 15. Rxa4 (15. Nf4 Qa5 $17) 15... a5) ({Predecessor:} 14... bxa4 15. Rxa4 a5 16. Nf4 Bd7 17. Ra2 a4 18. Nh5 Rg8 19. Qf4 Ne7 20. g4 Rh8 21. Qg3 Kg8 22. f4 Kh7 23. Rg1 Ng6 24. Rh1 {½-½ (24) Cleto,D (2092)-Kuliy,O (2003) FICGS email 2020}) 15. cxb4 $14 c3+ ({Black should play} 15... Nxb4 $14 16. Rhb1 Nc6) 16. Kxc3 $16 Qc7 {[%emt 0:13:37] [#] Hoping for ...Nxe5+.} 17. Kd2 {[%emt 0:01:10] Threatens to win with c3.} Nxb4 18. c3 {[%emt 0:00:10] Active counter play!} Nc6 19. Rhb1 Bd7 20. Nf4 $36 {[%emt 0:06:29][%mdl 2048] White is really pushing.} Rb8 21. Nh5 Rg8 {[%emt 0:00:26] [#]} 22. Bd3 Na5 23. Rxb8+ Qxb8 24. Rb1 {[%emt 0:00:41] Prevents Qb2+.} (24. Ke3 Qb2 25. Qd1 Qxc3 $11) 24... Nb3+ 25. Ke1 Bxa4 {[%emt 0:02:34] And now ...Qc7 would win.} 26. Bh7 (26. Qe2 $142 Qc7 27. Qb2) 26... Qc7 {[%emt 0:03:37] White must now prevent ...g6.} 27. Qg3 ({But not} 27. Bxg8 $2 Qxc3+ 28. Kf1 Qd3+ 29. Kg1 Qxb1+ 30. Kh2 Qg6 31. Qxg6 fxg6 $19) 27... g6 $2 {[%emt 0:01:32] This move loses the game for Black.} (27... Qc4 $16) 28. Bxg8 $18 Kxg8 29. Nf6+ Kf8 30. Qe3 Ke7 $2 (30... Qc4 31. f3 (31. Qxh6+ Ke7 $16) 31... Bb5) 31. Kf1 h5 32. Kg1 Kd8 33. Qh6 {[%emt 0:03:00] Threatening mate with Qf8+.} Kc8 34. Qf8+ Kb7 35. Qb4+ {[%emt 0:00:23] Weighted Error Value: White=0.12 (very precise) /Black=0.88} 1-0

[Event "FRA-ch Teams Top 16-B 2022"]
[Site "Chartres"]
[Date "2022.06.09"]
[Round "1.25"]
[White "Donchenko, Alexander"]
[Black "Esipenko, Andrey"]
[Result "1-0"]
[ECO "E46"]
[WhiteElo "2599"]
[BlackElo "2709"]
[Annotator "TA"]
[PlyCount "47"]
[EventDate "2022.06.09"]
[EventType "team-tourn"]
[EventCountry "FRA"]
[SourceTitle "playchess.com"]
[Source "ChessBase"]
[SourceQuality "1"]
[TimeControl "40/5400+30:1800+30"]

1. d4 Nf6 2. c4 e6 3. Nc3 Bb4 4. e3 O-O 5. Bd2 d5 6. a3 Be7 7. Nf3 {[%emt 0:00:14] E46: Nimzo-Indian: Rubinstein: 4 e3 0-0 5 Ne2 without early Bd3.} b6 8. cxd5 exd5 9. Bd3 {[%emt 0:00:32] The position is equal.} c5 10. Ne5 {[%emt 0:02:36] [#]} Ba6 $146 ({Predecessor:} 10... Bb7 11. O-O Nc6 12. Be1 cxd4 13. Nxc6 Bxc6 14. exd4 Ne4 15. Rc1 Bb7 16. f3 Nxc3 17. Bxc3 {1-0 (41) Ivanchuk,V (2678)-Dzagnidze,N (2523) Chess.com INT 2021}) 11. Bxa6 Nxa6 12. Nc6 Qe8 13. Nxe7+ Qxe7 14. O-O Rfd8 15. Ne2 Ne4 16. dxc5 bxc5 17. Ba5 Rd6 18. Ng3 Nxg3 19. hxg3 Rb8 20. b4 cxb4 21. axb4 Nxb4 22. Rb1 Ra6 23. Qa4 {[%emt 0:07:59][%cal Rb1b4][%mdl 1024] White has compensation.} Qd8 $2 {[%emt 0:01:40][%mdl 8192] [#]} (23... Qf8 $1 $11) 24. Qxb4 $1 {[%emt 0:00:54] Weighted Error Value: White=0.02 (flawless) /Black=0.33} 1-0

[Event "FRA-ch Teams Top 16-B 2022"]
[Site "Chartres"]
[Date "2022.06.09"]
[Round "1.26"]
[White "Movsesian, Sergei"]
[Black "Solodovnichenko, Yuri"]
[Result "1/2-1/2"]
[ECO "C42"]
[WhiteElo "2600"]
[BlackElo "2499"]
[Annotator "TA"]
[PlyCount "52"]
[EventDate "2022.06.09"]
[EventType "team-tourn"]
[EventCountry "FRA"]
[SourceTitle "playchess.com"]
[Source "ChessBase"]
[SourceQuality "1"]
[TimeControl "40/5400+30:1800+30"]

1. e4 e5 2. Nf3 Nf6 3. Nxe5 d6 4. Nd3 Nxe4 5. Nf4 d5 (5... Qh4 6. g3 Qe7 7. Be2 $14) 6. d4 {[%emt 0:00:40] [#] C42: Petroff Defence: 3 Nxe5 and unusual White 3rd moves.} c6 $146 ({Predecessor:} 6... Be7 7. Bd3 O-O 8. O-O Nc6 9. c3 Nf6 10. Nd2 Bd6 11. Nf3 Re8 12. h3 Bd7 {0-1 (70) Fedoseev,V (2704)-Paravyan,D (2617) Chess.com INT 2022}) 7. Bd3 Bd6 (7... g5 8. Nh5 $16) 8. O-O O-O ({Don't do} 8... Qh4 9. g3 Qd8 10. Bxe4 (10. f3 Ng5 $11) 10... dxe4 11. Nc3 $16) 9. c4 Qf6 {[%emt 0:14:43] [#]} ({Much less strong is} 9... Qh4 10. g3 Qd8 11. cxd5 $14) 10. cxd5 $1 Bxf4 (10... Bf5 11. Bc2) 11. Bxe4 {[%emt 0:00:27] And now Nc3 would win.} Bxc1 (11... Bxh2+ $5 12. Kxh2 Qh4+ 13. Kg1 Qxe4 $11) 12. Qxc1 cxd5 13. Bxd5 Qxd4 14. Rd1 Qb6 15. Nc3 Bg4 16. Re1 (16. Na4 $14 {deserves consideration.} Qb5 17. Rd4) 16... Nd7 17. Re7 Rad8 18. h3 Bf5 19. g4 (19. Qe3 $14) 19... Be6 $11 {[%emt 0:03:22] The position is equal.} 20. Bxe6 $1 fxe6 21. Qe1 Ne5 22. Qxe5 {[%emt 0:02:04][%csl Ge7][%cal Re5g7] [#]} Qxf2+ 23. Kh1 Qf3+ 24. Kg1 Qf2+ 25. Kh1 Qf3+ 26. Kg1 Qf2+ {[%emt 0:11:31] Weighted Error Value: White=0.08 (flawless) /Black=0.08 (flawless)} 1/2-1/2

[Event "FRA-ch Teams Top 16-B 2022"]
[Site "Chartres"]
[Date "2022.06.09"]
[Round "1.27"]
[White "Hamitevici, Vladimir"]
[Black "Moussard, Jules"]
[Result "0-1"]
[ECO "D36"]
[WhiteElo "2482"]
[BlackElo "2651"]
[Annotator "TA"]
[PlyCount "74"]
[EventDate "2022.06.09"]
[EventType "team-tourn"]
[EventCountry "FRA"]
[SourceTitle "playchess.com"]
[Source "ChessBase"]
[SourceQuality "1"]
[TimeControl "40/5400+30:1800+30"]

1. c4 e6 2. Nc3 d5 3. d4 Nf6 4. cxd5 exd5 5. Bg5 c6 6. e3 h6 7. Bh4 Be7 8. Qc2 O-O 9. Bd3 Re8 10. Nge2 a5 {[%emt 0:01:05] D36: Queen's Gambit Declined: Exchange Variation: Main line (5 Bg5 c6 6 Qc2).} 11. O-O Na6 12. a3 {[%emt 0:00:18] Prevents Nb4.} Nc7 {[%emt 0:00:19] The position is equal.} 13. Rae1 Ne6 14. f3 c5 {[%emt 0:07:26] [#]} (14... b5 $11) 15. Bb5 $146 ({Predecessor:} 15. dxc5 Bxc5 16. Bf2 Bd7 17. Qd2 Bc6 18. Nd4 Nxd4 19. exd4 Be7 20. Kh1 Qd7 21. g4 {0-1 (45) Andrieux,P-Descroix,G France 1990}) 15... Bd7 16. Qa4 (16. Bxd7 $14 Qxd7 17. dxc5) 16... Nc7 $11 17. Bxd7 Nxd7 18. Bg3 Nb6 19. Bxc7 (19. Qb3 $11 Ne6 20. Nf4) 19... Qxc7 $17 20. Qb5 Bd6 (20... Qc6 $5 ) 21. Kf2 (21. dxc5 Bxc5 22. Kh1 Rxe3 $17) 21... Re7 (21... Qe7 22. Ng3 Qc7 23. Nf5 $11) (21... Qc6 $15) 22. Rc1 $11 Rae8 23. e4 dxe4 24. fxe4 (24. Nxe4 $5 Nd5 25. g3 $11) 24... Qc6 (24... Bxh2 25. dxc5 Nd7 26. g3 $16 (26. Nd5 Qe5 $15)) 25. Qd3 Qd7 26. d5 {[%emt 0:02:04] [#]} (26. Rfd1 $1 $15) 26... f5 ({Reject} 26... Bxh2 $6 27. g3 $11) ({And not} 26... Qg4 27. Kg1 $15) ({Black should play} 26... c4 $1 $19 27. Qh3 f5) 27. exf5 $2 {[%emt 0:00:57][%mdl 8192] White does not recover from this.} (27. Kg1 $17) 27... c4 $19 28. Qd4 Qc7 (28... Na4 $2 29. Qg4 Bxh2 30. Nd4 (30. d6 $2 Qxd6 31. Qxc4+ Kh7 $19) 30... Nxb2 31. g3 $19) 29. Kf3 (29. Qg4 $142 Nxd5 30. Kg1 (30. Nxd5 $2 Qc5+ 31. Nd4 Re4 $19)) 29... Bc5 30. Qf4 Re3+ 31. Kg4 Bd6 32. Qf2 h5+ {[%emt 0:00:50][%mdl 64] [#] Decoy} 33. Kxh5 Qf7+ 34. Kg4 Nd7 35. g3 Nf6+ 36. Kh3 Qh5+ 37. Kg2 Rxe2 {[%emt 0:00:10] Weighted Error Value: White=1.12/Black=0.09 (flawless)} (37... Ng4 $142 38. Kg1 Nxf2 39. Rxf2 Rxe2 40. Nxe2 Rxe2 41. Rxc4 Re1+ 42. Rf1 Rxf1+ 43. Kxf1 Qf3+ 44. Kg1 Qe3+ 45. Kh1 Qe1+ 46. Kg2 Qe2+ 47. Kh3 Qxc4 48. Kg2 Qe2+ 49. Kh3 Kh7 50. f6 gxf6 51. b3 f5 52. b4 Be7 53. bxa5 Qf1#) 0-1

[Event "FRA-ch Teams Top 16-B 2022"]
[Site "Chartres"]
[Date "2022.06.09"]
[Round "1.28"]
[White "Gozzoli, Yannick"]
[Black "Philippe, Christophe"]
[Result "1-0"]
[ECO "E11"]
[WhiteElo "2591"]
[BlackElo "2379"]
[Annotator "TA"]
[PlyCount "111"]
[EventDate "2022.06.09"]
[EventType "team-tourn"]
[EventCountry "FRA"]
[SourceTitle "playchess.com"]
[Source "ChessBase"]
[SourceQuality "1"]
[TimeControl "40/5400+30:1800+30"]

1. d4 Nf6 2. c4 e6 3. Nf3 Bb4+ 4. Bd2 Qe7 5. g3 Nc6 6. Nc3 O-O 7. Bg2 d6 8. O-O a5 9. Rc1 {[%emt 0:08:15] E11: Bogo-Indian.} h6 10. a3 Bxc3 11. Bxc3 {[%emt 0:00:04] White is slightly better.} a4 12. d5 Nb8 {[%emt 0:09:11] [#]} 13. Nd4 $146 (13. dxe6 $16 Bxe6 14. Nd4) ({Predecessor:} 13. dxe6 fxe6 14. c5 d5 15. Ne5 Re8 16. Qd4 Nc6 17. Nxc6 bxc6 18. f4 Nd7 19. Kh1 {1-0 (81) Asaka,S (2254)-Endrina,J (1629) Tokyo 2021}) 13... e5 $14 14. Nb5 Ne8 15. Bb4 b6 16. Nc3 {[%emt 0:05:49] 0x0.001aa0da4efedp-1022s more active pieces.} Bd7 17. c5 bxc5 {[%emt 0:04:11] [#]} 18. Bxc5 f5 (18... dxc5 19. d6 cxd6 20. Bxa8 $16) 19. Be3 g5 (19... Nf6 $11) 20. Bd2 Nf6 21. Qc2 Kg7 22. Nd1 (22. e3 $142) 22... Na6 $11 23. Ne3 f4 24. Nf5+ Bxf5 25. Qxf5 Nc5 {[%emt 0:02:02][%cal Of6e4] ...Nfe4! is the strong threat.} 26. Qc2 {[%emt 0:00:00] Against Nfe4} (26. gxf4 $2 {[#]} Nfe4 $1 27. Bxe4 Rxf5 28. Bxf5 gxf4 $19) 26... Rf7 27. Rcd1 Raf8 28. Bc3 (28. e3 $5 ) 28... Qd7 {[%emt 0:03:48] [#]} (28... h5 $15 {stays ahead.}) 29. Bxe5 $1 $16 dxe5 30. Qxc5 Rb8 31. Rd2 Rb6 32. Rfd1 Rd6 33. Qb4 h5 34. Rd3 (34. e3 $142) 34... Re7 35. e4 Rb6 36. Qd2 Ne8 37. gxf4 gxf4 38. Bh3 Rg6+ {[%emt 0:00:00] Black cannot hold the game after this.} (38... Qb5 $16) 39. Kh1 $18 Qd8 40. Bf5 Rg5 {[%emt 0:00:07] [#]} (40... Rb6 {might work better.} 41. Rh3 Nf6 42. Rg1+ Kf8) 41. Rg3 $3 Rxg3 42. fxg3 Nd6 (42... Qd6 $142 43. Be6 Kh7 44. gxf4 exf4) 43. gxf4 Nxf5 44. exf5 {[%emt 0:00:00][%mdl 4096] Endgame Threatens to win with Rg1+. KQR-KQR} Qd6 45. Rg1+ Kf7 46. Qg2 {[%emt 0:00:00] Threatening mate with Qg8+.} Ke8 47. Qg8+ Kd7 48. Rg7 Rxg7 49. Qxg7+ {[%emt 0:00:00] KQ-KQ} Kc8 50. Qxe5 Qc5 51. Qe8+ Kb7 52. Qc6+ {[%emt 0:00:00] White mates.} ({And not} 52. Qe5 Qf2 53. h4 (53. h3 Qf1+ 54. Kh2 Qf2+ 55. Kh1 Qf1+ 56. Kh2 Qf2+ 57. Kh1 $11) 53... Qf1+ 54. Kh2 Qf2+ 55. Kh3 Qf3+ 56. Kh2 Qf2+ 57. Kh1 (57. Kh3 Qf3+ 58. Kh2 Qf2+ $11) 57... Qf1+ 58. Kh2 Qf2+ $11) 52... Qxc6 53. dxc6+ Kxc6 54. Kg2 Kd6 55. Kf3 Ke7 56. f6+ {[%emt 0:00:00] Weighted Error Value: White=0.12 (very precise) /Black=0.49} 1-0

[Event "FRA-ch Teams Top 16-B 2022"]
[Site "Chartres"]
[Date "2022.06.09"]
[Round "1.29"]
[White "Savina, Anastasia"]
[Black "Cornette, Matthieu"]
[Result "1-0"]
[ECO "E94"]
[WhiteElo "2348"]
[BlackElo "2570"]
[Annotator "TA"]
[PlyCount "147"]
[EventDate "2022.06.09"]
[EventType "team-tourn"]
[EventCountry "FRA"]
[SourceTitle "playchess.com"]
[Source "ChessBase"]
[SourceQuality "1"]
[TimeControl "40/5400+30:1800+30"]

1. d4 Nf6 2. c4 g6 3. Nc3 Bg7 4. e4 d6 5. Be2 O-O 6. Nf3 Nbd7 7. O-O e5 8. Be3 Qe7 9. d5 Ng4 {[%emt 0:02:57] 9...c5 deserves study. E94: King's Indian: Classical: 6 Be2 e5 7 0-0: Various Black 7th moves.} 10. Bg5 f6 11. Bd2 Nh6 {[%emt 0:08:10] White is slightly better.} 12. b4 Nf7 13. Nb5 Qd8 {[%emt 0:03:31][%cal Oa7a5] [#]} 14. Rc1 $146 ({Predecessor:} 14. Ne1 a6 15. Nc3 f5 16. f3 Qh4 17. Be3 Nf6 18. Bf2 Qh6 19. c5 Ng5 20. Qc2 fxe4 21. fxe4 {0-1 (40) Yuferov,S-Petkevich,J Kiev 1967}) 14... f5 15. c5 (15. Nc3 $11) 15... a6 16. Nc3 dxc5 17. bxc5 Nxc5 18. exf5 gxf5 19. Be3 Nd7 20. Qc2 (20. d6 $11 cxd6 21. Bc4) 20... Nf6 (20... f4 $1 $17 21. Bd2 Nc5) 21. Rfd1 $15 Ng4 22. Bc5 Nd6 23. h3 Nh6 (23... e4 $5 24. hxg4 exf3 25. Bxf3 (25. gxf3 h5 $17) 25... fxg4 $15) 24. Ba3 Bd7 25. Na4 Bxa4 26. Qxa4 Nhf7 27. Rc2 Rc8 28. Rdc1 Re8 29. Bc5 Bh6 30. Rd1 Qf6 31. Ba3 Red8 ({Black should try} 31... e4 $15 32. Bb2 Qg6) 32. Bb2 $11 Ne4 33. Qb3 b5 (33... Qb6 $1 $11 {remains equal.} 34. Qxb6 cxb6) 34. Rc6 (34. Bd3 $142) 34... Rd6 $16 35. a4 bxa4 36. Qxa4 (36. Qb7 $6 Qd8 37. Bxe5 (37. Nxe5 Rb8 $11) 37... Nxe5 38. Nxe5 Bf4 $11) 36... Rb8 37. Ba1 {[%emt 0:00:38] This bishop pair is nice.} Bf8 (37... Qe7 $16 {is a better defense.}) 38. Rxc7 $18 Rdb6 39. Rc6 Bd6 40. Rxb6 (40. Bxa6 Nc5 41. Qa5 Nb3 $16) 40... Rxb6 41. Rc1 ({Stronger than} 41. Bxa6 Bc5 42. Qe8+ Kg7 43. Nxe5 Rxa6 44. Nxf7 Bxf2+ 45. Kf1 Rxa1 $15) 41... Qh6 {[%emt 0:30:30] [#]} (41... Rb8 $16) 42. Qe8+ $2 (42. Rc8+ $1 $18 Bf8 43. Qc2 (43. Nxe5 $2 Rb1+ 44. Bf1 Qd2 $19)) 42... Kg7 $14 43. Rd1 Qf4 {[%emt 0:00:00] Threatens to win with ...Bc5.} 44. g3 Nxg3 45. fxg3 Qxg3+ 46. Kh1 {[%emt 0:00:00] Strongly threatening Rg1.} Qxh3+ 47. Nh2 {[%emt 0:00:00] Threatening mate with Rg1+.} Rb3 {[%emt 0:00:00] aiming for ...Rg3.} 48. Bh5 $36 {[%emt 0:01:43][%mdl 2048] Black is under pressure. The board is on fire.} ({But not} 48. Rg1+ Rg3 49. Rxg3+ Qxg3 $17) 48... Qxh5 {[%emt 0:00:00] White stays focused until the end.} (48... Rg3 $1 $11 {and Black has nothing to worry.} 49. Qxf7+ Kh6) 49. Rg1+ $18 Qg6 50. Rxg6+ hxg6 {[%emt 0:00:00] [#]} 51. Qa4 $1 Rd3 (51... Ra3 $142 52. Qd1 a5) 52. Qxa6 Rxd5 53. Nf3 g5 (53... Rc5 {was worth a try.} 54. Bb2 Rc2) 54. Kg2 {[%emt 0:01:11] Hoping for Qb7.} Kf6 55. Bc3 g4 56. Nh4 Kg5 57. Qb7 Rd3 58. Qxf7 Rxc3 59. Qg6+ Kf4 60. Qxf5+ (60. Qxd6 $142 Rc2+ 61. Kf1 Rc1+ 62. Ke2 Rc2+ 63. Kd3 Rb2 64. Qh6+ Kg3 65. Nxf5+ Kg2 66. Ne3+ Kg1 67. Nxg4) 60... Ke3 61. Qg5+ Ke4 62. Qxg4+ Kd5 63. Qg8+ Kc6 64. Nf5 {[%emt 0:00:29] White wants to mate with Qe6.} Bc7 65. Qa8+ {[%emt 0:00:34] White mates.} Kb5 66. Qb7+ Ka4 {[%emt 0:00:02] [#]} 67. Ne3 $1 Ba5 (67... Rc5 68. Kf3) 68. Qe4+ Ka3 69. Nc4+ Kb4 70. Nd2+ Kb5 71. Qxe5+ Ka6 72. Ne4 Rc2+ 73. Kf3 Bb6 74. Qd5 {[%emt 0:00:36] Weighted Error Value: White=0.23 (precise) /Black=0.49} 1-0